 Dungeon Crawl Stone Soup version 0.14-a0-1663-g0b35444 (webtiles) character file.

25902 Piginabag the Thrower (level 13, -2/78 (79) HPs)
             Began as a Formicid Hunter on Dec 28, 2013.
             Was a High Priest of Okawaru.
             Killed by divine providence
             ... invoked by an orc priest
              (8 damage)
             ... on Level 3 of the Orcish Mines.
             The game lasted 01:33:47 (18321 turns).

Piginabag the Thrower (Formicid Hunter)            Turns: 18321, Time: 01:33:48

HP  -2/78 (79)   AC  8     Str 27      XL: 13   Next: 82%
MP  19/19        EV 15     Int 13      God: Okawaru [*****.]
Gold 942         SH  5     Dex 11      Spells:  0 memorised, 12 levels left

rFire  . . .     SeeInvis +     F - -1 orc blowgun
rCold  + . .     Clarity  .     d - -2 leather armour
rNeg   + . .     Conserve .     O - -2 buckler
rPois  .         rCorr    .     (helmet unavailable)
rElec  .         rRot     .     k - +0 cloak {rPois}
SustAb . .       Spirit   .     K - +5 pair of gloves "Bifov" {Str+1 Int+3}
rMut   .         Warding  .     (no boots)
Saprov . . .     Stasis   +     (no amulet)
                                y - ring of protection from magic
                                P - ring of positive energy

@: mighty, rotting, slow, very resistant to hostile enchantments, quite stealthy
A: permanent stasis, dig shafts and tunnels, four strong arms, poison weakness,
antennae 3, cold resistance 1, deformed body, high mp 1, mutation resistance 1,
slowness 1, weak 1, exoskeleton 1
a: Dig, Shaft Self, Heroism, Finesse, Renounce Religion


You were on level 3 of the Orcish Mines.
You worshipped Okawaru.
Okawaru was extremely pleased with you.
You were near starving.

You visited 4 branches of the dungeon, and saw 20 of its levels.

You collected 1185 gold pieces.
You spent 243 gold pieces at shops.

Inventory:

Hand weapons
 r - the +4,+11 great sword of Nuhywuw {holy, *Rage rElec rPois rF+ Str+1}
   (You took it off a yaktaur captain on level 10 of the Dungeon)

   It has been blessed by the Shining One to cause great damage to the undead
   and demons.
   It affects your strength (+1).
   It protects you from fire.
   It insulates you from electricity.
   It protects you from poison.
   It makes you angry.
 F - a -1 orcish blowgun (weapon)
Missiles
 s - 31 poisoned needles
 t - 12 silver darts (quivered)
 z - a needle of confusion
 H - 5 curare-tipped needles
 V - a throwing net
Armour
 d - a -2 leather armour (worn)
 k - a +0 cloak of poison resistance (worn)
 K - the +5 pair of gloves "Bifov" (worn) {Str+1 Int+3}
   (You found it on level 5 of the Dungeon)

   It affects your strength (+1).
   It affects your intelligence (+3).
 O - a -2 buckler (worn)
Magical devices
 L - a wand of slowing (17) {unknown}
Comestibles
 f - 5 bread rations
 l - 3 pears
 u - 3 bananas
 v - 2 meat rations
 A - an orange
 G - 3 apples
 W - 5 beef jerkies
Scrolls
 g - 2 scrolls of enchant armour {unknown}
 o - a scroll of identify
 q - 2 scrolls of enchant weapon I
 w - 2 scrolls of vulnerability
 D - 5 scrolls of fog
 M - a scroll of amnesia
 U - 3 scrolls of remove curse
Jewellery
 c - an uncursed ring of fire
 i - a cursed amulet of rage {unknown}
 y - a ring of protection from magic (right hand)
 J - a cursed ring of fire
 N - a cursed -3 ring of strength {unknown}
 P - a ring of positive energy (left hand)
 T - an uncursed ring of sustenance {unknown}
Potions
 e - 2 potions of brilliance
 h - 2 potions of magic
 j - 2 potions of agility
 m - 6 potions of curing
 x - a potion of flight
 B - 3 potions of might
 C - 3 potions of restore abilities
 E - a potion of paralysis


   Skills:
 + Level 5.9 Fighting
   Level 1.3 Short Blades
 + Level 5.1 Long Blades
   Level 6.2 Maces & Flails
 + Level 12.8 Throwing
 + Level 5.9 Armour
 + Level 9.4 Dodging
 + Level 6.1 Stealth
 + Level 1.3 Shields
 + Level 0.2 Unarmed Combat
 + Level 2.5 Invocations


You had 12 spell levels left.
You didn't know any spells.

Dungeon Overview and Level Annotations

Branches:
Dungeon (15/16)            Temple (1/1) D:5             Orc (3/4) D:10
    Elf (0/3) Orc:3          Lair (1/8) D:11
 Vaults: D:14-15

Altars:
Ashenzari
Cheibriados
Elyvilon
Fedhas
Kikubaaqudgha
Makhleb
Okawaru
Sif Muna
Trog
Xom
Yredelemnul
Beogh

Shops:
D:8 *   D:15 [

Portals:
Trove: D:12 (give 18 potions of curing)

Annotations:
D:12 exclusion: oklob plant
D:15 exclusion: ice statue


Innate Abilities, Weirdness & Mutations

Your are under a permanent stasis effect.
You can dig through walls and to a lower floor.
Your four strong arms can wield any weapon, most with a shield.
You are susceptible to poison.
You have a pair of large antennae on your head (SInv).
Your body is surrounded by an exoskeleton. (HP +5, AC +1)
Your flesh is cold resistant.
Armour fits poorly on your strangely shaped body.
You have an increased reservoir of magic (+10% MP).
You are somewhat resistant to further mutation.
You cover ground slowly.
You are weak. (Str -2)


Message History

You feel your flesh rotting away.
An orc comes into view.
Things that are here:
an uncursed orcish dagger; a large rock The orc shouts!
The orc priest calls down the wrath of Beogh upon you.
Something smites you!
* * * LOW HITPOINT WARNING * * *
The orc closely misses you.
Really attack while wielding your -1 orcish blowgun? [Y]es or [N]o only, please.
Really attack while wielding your -1 orcish blowgun?
The orc priest invokes the aid of Beogh against you.
Something smites you!
* * * LOW HITPOINT WARNING * * *
The orc closely misses you. The orc hits you but does no damage.
You see here a large rock.
The orc priest calls down the wrath of Beogh upon you.
Something smites you!
You die...

##.#...##......
#........#..o..#
#......(...o.<
####....%.....>.
##.#..#{..o#...
#...4..##)#.....>
##{##.###o## #..
##.######(o.##.#..
##.## #@....$.#
#.### ##.........
#.##. ##.<>(......
#.#...##.)(........
#{##..#.#........#.
#4##{...........$#
#.###.#.##...#..##
#5# ##{..##....##
#3#####o## #...#


You could see an orc priest and 2 orcs.

Vanquished Creatures
  Gastronok (Lair:1)
  2 hydras (Lair:1)
  A yaktaur captain (D:10)
  Erica (D:10)
  Nergalle (D:10)
  An unseen horror (D:14)
  3 orc knights
  A giant amoeba (D:8)
  3 cyclopes
  A red wasp (D:12)
  A wolf spider zombie (D:13)
  An elephant (D:11)
  A black mamba (Lair:1)
  Maurice (D:8)
  A spiny frog (Lair:1)
  Psyche (D:10)
  Sonja (D:10)
  4 trolls
  2 two-headed ogres
  A slime creature (D:10)
  2 wraiths
  2 wyverns
  11 yaks
  An elephant slug (D:11)
  5 hippogriffs
  A vampire mosquito (D:14)
  5 ugly things (D:13)
  2 hungry ghosts (D:10)
  A hill giant skeleton (D:11)
  A necrophage (D:10)
  A mottled dragon (D:12)
  6 orc warriors
  5 manticores
  2 ice beasts
  A porcupine (Lair:1)
  A yellow wasp (D:12)
  2 phantoms
  7 ogres
  7 centaurs
  Sigmund (D:2)
  A brain worm (D:14)
  2 crocodiles
  A water moccasin (D:8)
  5 giant frogs
  A gnoll sergeant (D:7)
  3 big kobolds
  3 agate snails
  A troll zombie (D:7)
  A troll skeleton (D:11)
  16 killer bees
  16 wights
  A yak skeleton (D:5)
  12 crimson imps
  4 goliath beetles
  8 orc priests
  8 jellies (D:8)
  6 scorpions
  A centaur zombie (D:10)
  A centaur skeleton (D:4)
  A giant frog skeleton (D:12)
  2 hounds
  A giant frog zombie (D:7)
  4 iguanas
  15 orc wizards
  14 worker ants
  4 sheep
  A hound zombie (D:5)
  2 mummies
  32 green rats (Lair:1)
  16 gnolls
  17 adders
  A giant centipede (Lair:1)
  2 giant mites
  3 worms
  A scorpion zombie (D:9)
  An adder zombie (D:7)
  A giant centipede zombie (D:10)
  A grey rat (Lair:1)
  2 giant eyeballs
  13 oozes (D:8)
  79 orcs
  A bat zombie (D:5)
  3 giant cockroaches
  10 goblins
  14 hobgoblins
  13 jackals
  7 quokkas
  16 bats
  5 giant geckos
  5 giant newts
  20 kobolds
  19 rats
  2 fungi
512 creatures vanquished.

Vanquished Creatures (others)
  2 fungi (D:8)
2 creatures vanquished.

Grand Total: 514 creatures vanquished

Notes
Turn   | Place    | Note
--------------------------------------------------------------
     0 | D:1      | Piginabag, the Formicid Hunter, began the quest for the Orb.
     0 | D:1      | Reached XP level 1. HP: 17/17 MP: 1/1
   115 | D:1      | Reached XP level 2. HP: 22/22 MP: 2/2
   236 | D:1      | Reached XP level 3. HP: 20/26 MP: 3/3
   481 | D:1      | Reached skill level 4 in Throwing
  1068 | D:2      | Found a snail-covered altar of Cheibriados.
  1068 | D:2      | Found a white marble altar of Elyvilon.
  1164 | D:2      | Noticed Sigmund
  1167 | D:2      | Killed Sigmund
  1167 | D:2      | Reached XP level 4. HP: 23/31 MP: 4/4
  1167 | D:2      | Reached XP level 5. HP: 25/35 MP: 5/5
  1715 | D:3      | Reached skill level 1 in Armour
  2394 | D:3      | Reached XP level 6. HP: 40/40 MP: 6/6
  2668 | D:4      | Reached skill level 1 in Maces & Flails
  2765 | D:4      | Reached skill level 5 in Throwing
  2849 | D:4      | Reached XP level 7. HP: 45/45 MP: 7/7
  2907 | D:4      | Found a basalt altar of Yredelemnul.
  2972 | D:4      | Found a blossoming altar of Fedhas.
  3076 | D:5      | Entered Level 5 of the Dungeon
  3099 | D:5      | Found a deep blue altar of Sif Muna.
  3521 | D:5      | Got a pair of bloodstained gloves
  3528 | D:5      | Identified the +5 pair of gloves "Bifov" {Str+1 Int+3} (You found it on level 5 of the Dungeon)
  3562 | D:5      | Reached XP level 8. HP: 43/49 MP: 8/8
  3651 | D:5      | Found a staircase to the Ecumenical Temple.
  3679 | Temple   | Entered the Ecumenical Temple
  3694 | Temple   | Became a worshipper of Warmaster Okawaru
  4029 | D:5      | Reached skill level 6 in Throwing
  4619 | D:6      | Got a steaming quarterstaff
  5243 | D:7      | Reached XP level 9. HP: 54/54 MP: 9/9
  5311 | D:7      | Reached skill level 7 in Throwing
  5347 | D:7      | Acquired Okawaru's first power
  6052 | D:8      | Noticed a giant amoeba
  6060 | D:8      | Killed a giant amoeba
  6060 | D:8      | Reached skill level 8 in Throwing
  6144 | D:8      | Reached XP level 10. HP: 41/61 MP: 10/10
  6231 | D:8      | Found Psoigyal's General Store.
  6337 | D:8      | Noticed Maurice
  6363 | D:8      | Killed Maurice
  6454 | D:8      | Reached skill level 5 in Dodging
  6501 | D:8      | Noticed a two-headed ogre
  6507 | D:8      | Killed a two-headed ogre
  6643 | D:8      | Reached skill level 9 in Throwing
  7304 | D:9      | Reached skill level 5 in Maces & Flails
  7371 | D:9      | Received a gift from Okawaru
  7621 | D:9      | Found a bloodstained altar of Trog.
  7635 | D:9      | Reached XP level 11. HP: 66/66 MP: 11/11
  7761 | D:9      | Found a shimmering altar of Xom.
  7793 | D:10     | Entered Level 10 of the Dungeon
  8241 | D:10     | Noticed Psyche
  8511 | D:10     | Killed Psyche
  8511 | D:10     | Reached skill level 10 in Throwing
  8673 | D:10     | Found a staircase to the Orcish Mines.
  8748 | D:10     | Noticed Erica
  8755 | D:10     | Killed Erica
  8755 | D:10     | Received a gift from Okawaru
  8976 | D:10     | Identified the +1,+2 quarterstaff of Lejicoelu {antimagic, +Blink rF- rN+ Str+2 Dex+1} (You found it on level 6 of the Dungeon)
  8978 | D:10     | Noticed Nergalle
  8984 | D:10     | Killed Nergalle
  8984 | D:10     | Reached skill level 5 in Armour
  9281 | D:10     | Gained mutation: You cover ground slowly. [potion of mutation]
  9281 | D:10     | Gained mutation: Your flesh is cold resistant. [potion of mutation]
  9281 | D:10     | Gained mutation: Armour fits poorly on your strangely shaped body. [potion of mutation]
  9282 | D:10     | Gained mutation: You have an increased reservoir of magic (+10% MP). [potion of mutation]
  9283 | D:10     | Gained mutation: You are weak. (Str -2) [potion of mutation]
  9283 | D:10     | Gained mutation: You are somewhat resistant to further mutation. [potion of mutation]
  9347 | D:10     | Noticed Sonja
  9350 | D:10     | Killed Sonja
  9407 | D:10     | Acquired Okawaru's second power
  9917 | D:10     | Noticed a yaktaur captain
  9981 | D:11     | Reached skill level 11 in Throwing
 10498 | D:11     | HP: 1/93 [manticore (4)]
 11668 | D:10     | Killed a yaktaur captain
 11668 | D:10     | Received a gift from Okawaru
 11668 | D:10     | Reached XP level 12. HP: 53/72 MP: 11/14
 11697 | D:10     | Noticed a cyclops
 11702 | D:10     | Got an uncursed fine great sword {holy}
 11835 | D:10     | Killed a cyclops
 11835 | D:10     | Reached skill level 1 in Invocations
 11849 | D:10     | Identified the +4,+11 great sword of Nuhywuw {holy, *Rage rElec rPois rF+ Str+1} (You took it off a yaktaur captain on level 10 of the Dungeon)
 12066 | D:11     | Found a staircase to the Lair.
 12092 | D:11     | Received a gift from Okawaru
 12342 | D:11     | Got a brightly glowing broad axe
 12647 | D:11     | Reached skill level 1 in Long Blades
 12720 | D:11     | Reached skill level 5 in Fighting
 13426 | D:12     | Found a portal to a secret trove of treasure.
 13483 | D:12     | You fall through a shaft for 3 floors!
 13483 | D:15     | Entered Level 15 of the Dungeon
 13537 | D:15     | Reached skill level 12 in Throwing
 13541 | D:15     | Found Strakian's Armour Shoppe.
 13549 | D:15     | Bought a +2 buckler for 243 gold pieces
 13560 | D:14     | Noticed an unseen horror
 13565 | D:14     | Killed an unseen horror
 13565 | D:14     | Received a gift from Okawaru
 13565 | D:14     | Reached skill level 5 in Stealth
 13569 | D:14     | Got a twisted giant club {god gift}
 13570 | D:14     | Identified the +9,+4 giant club of Okawaru's Supremacy {pain, rF+} (Okawaru gifted it to you on level 14 of the Dungeon)
 13652 | D:13     | Reached XP level 13. HP: 69/77 MP: 13/17
 14934 | Lair:1   | Entered Level 1 of the Lair of Beasts
 14937 | Lair:1   | Reached skill level 1 in Shields
 15143 | Lair:1   | Found a shimmering altar of Xom.
 15269 | Lair:1   | Noticed Gastronok
 15325 | Lair:1   | Killed Gastronok
 15325 | Lair:1   | Received a gift from Okawaru
 15756 | Lair:1   | Noticed an eight-headed hydra
 15763 | Lair:1   | Killed an eight-headed hydra
 15763 | Lair:1   | Received a gift from Okawaru
 15872 | Lair:1   | Noticed a seven-headed hydra
 15961 | Lair:1   | Killed a seven-headed hydra
 15970 | Lair:1   | Received a gift from Okawaru
 16164 | Lair:1   | Received a gift from Okawaru
 17025 | Orc:1    | Entered Level 1 of the Orcish Mines
 17163 | Orc:1    | Received a gift from Okawaru
 17315 | Orc:1    | Found a roughly hewn altar of Beogh.
 17338 | Orc:1    | Reached skill level 5 in Long Blades
 17391 | Orc:1    | You fall through a shaft!
 18263 | Orc:3    | Received a gift from Okawaru
 18316 | Orc:3    | Found a staircase to the Elven Halls.
 18321 | Orc:3    | Killed from afar by an orc priest

Action                   |  1- 3 |  4- 6 |  7- 9 | 10-12 | 13-15 || total
-------------------------+-------+-------+-------+-------+-------++-------
Melee: Short sword       |     3 |       |       |       |       ||     3
       Unarmed           |    21 |       |       |       |       ||    21
       Flail             |    13 |    61 |   170 |   263 |       ||   507
       Great sword       |       |       |       |    50 |   225 ||   275
 Fire: Blowgun           |       |       |    14 |   100 |    44 ||   158
Throw: Large rock        |    16 |    28 |    49 |   129 |    77 ||   299
       Tomahawk          |     9 |    15 |    34 |    65 |    54 ||   177
       Throwing net      |       |     4 |     3 |     6 |       ||    13
       Dart              |       |    22 |    64 |   115 |     5 ||   206
       Javelin           |       |       |       |    42 |     3 ||    45
Invok: Heroism           |       |       |       |     5 |     4 ||     9
 Abil: Dig               |     1 |       |     2 |     2 |     4 ||     9
  Use: Scroll            |       |       |     8 |    13 |     4 ||    25
       Potion            |       |       |       |    18 |     3 ||    21
 Stab: Sleeping          |       |       |       |     1 |     2 ||     3
       Confused          |       |       |       |       |     1 ||     1
